 Dungeon Crawl Stone Soup version 0.31-a0-1178-gc5c9b8f871 (webtiles) character file.

Game seed: 7858113874778219666

147 Crabhammer the Ruffian (level 5, -6/33 HPs)
             Began as an Octopode Shapeshifter on Dec 12, 2023.
             Killed from afar by an orc wizard (9 damage)
             ... with a puff of flame
             ... on level 3 of the Dungeon.
             The game lasted 00:06:52 (1802 turns).

Crabhammer the Ruffian (Octopode Shapeshifter)      Turns: 1802, Time: 00:06:53

Health: -6/33      AC:  1    Str: 14    XL:     5   Next: 29%
Magic:  5/5        EV: 13    Int: 12    God:
Gold:   64         SH:  0    Dex: 19    Spells: 4/4 levels left

rFire   . .          .
                       - Unarmed
rCold   . . .        (no shield)
rNeg    . . .        (helmet currently unavailable)
rPois   .            (no amulet)
rElec   .            f - +6 ring of dexterity
rCorr   .            (no ring)
SInv    .            (no ring)
Will    .....        (no ring)
Stlth   +++          (no ring)
HPRegen 0.25/turn    (no ring)
MPRegen 0.09/turn    (no ring)
                     (no ring)

%: no passive effects
@: beast-form
A: beast (slay +1), almost no armour, amphibious, 8 rings, camouflage 1,
gelatinous body 1, (nimble swimmer 1), tentacles
a: Begin Untransformation


You were on level 3 of the Dungeon.
You were a hulking beast.
You visited 1 branch of the dungeon, and saw 3 of its levels.

You collected 64 gold pieces.

Inventory:

Missiles
 e - 18 stones
 m - 4 poisoned darts
 o - 6 boomerangs (quivered)
Magical Staves
 h - a staff of poison
Jewellery
 f - a +6 ring of dexterity (left tentacle)
Talismans
 b - a beast talisman
 c - a flux talisman
Wands
 p - a wand of acid (7)
Scrolls
 g - 2 scrolls of identify {unknown}
 l - a scroll of revelation {unknown}
 n - a scroll of amnesia {unknown}
Potions
 a - a potion of lignification
 d - 4 potions of curing {unknown}
 i - a potion of invisibility {unknown}
 j - 2 potions of heal wounds {unknown}
 k - a potion of ambrosia {unknown}


   Skills:
 + Level 1.0 Fighting
 - Level 2.0 Dodging
 + Level 5.5 Unarmed Combat
 + Level 3.3 Shapeshifting


You had 4 spell levels left.
You didn't know any spells.
Your spell library was empty.

Dungeon Overview and Level Annotations

Branches:
Dungeon (3/15)

Altars:
Uskayaw

Shops:
D:3 :


Innate Abilities, Weirdness & Mutations

You are a hulking beast.
Your limbs bulge with bestial killing power. (Slay +1)
You cannot wear most types of armour.
You are amphibious.
You can wear up to eight rings at the same time.
Your skin changes colour to match your surroundings (Stealth+).
Your rubbery body absorbs attacks. (AC +1, EV +1)
((You are camouflaged when in or above water. (Stealth+)))
You have tentacles for arms and can constrict up to eight enemies at once.


Message History

You throw a boomerang. The boomerang hits the orc wizard.
The orc wizard shouts!
The orc wizard is lightly wounded.
You hear a shout! x2
The orc wizard gestures wildly while chanting.
The orc wizard flickers and vanishes!
Deactivating autopickup; reactivate with Ctrl-A.
An orc comes into view. It is wielding a +0 short sword.
Something hits you.
You barely miss something.
The orc shouts!
The orc throws a boomerang.
The boomerang hits you. Something hits you.
You miss something.
The orc throws a boomerang.
Something barely misses you.
You tentacle-slap something. You closely miss the orc. You grab the orc.
You squeeze the orc!
You kill the orc!
An orc comes into view. It is wielding a +0 whip.
Things that are here:
a +0 short sword; 2 boomerangs; a +0 scale mail The orc barely misses you.
Something hits you.
You closely miss the orc. You grab the orc. You tentacle-slap the orc.
You squeeze the orc.
You kill the orc!
You hear some strange, mumbled words.
A magic dart appears from out of thin air!
The magic dart hits you!
You completely miss something. Something hits you.
Unknown command.
You closely miss something. Something hits you.
* * * LOW HITPOINT WARNING * * *
You tentacle-slap something. You squeeze something. Something hits you.
* * * LOW HITPOINT WARNING * * *
You closely miss something.
Your tentacle-slap misses something.
Something hits you.
* * * LOW HITPOINT WARNING * * *
You miss something. Your squeeze misses something.
You hear some strange, mumbled words.
A puff of flame appears from out of thin air!
The puff of flame hits you!
You die...

#.# #.# #.# #.# #.# #
#.# .# #.# ..#
###############)##..#
............)..{h)..#
###############.....#
#####.# # ##########
#.. .........# #.#


There were no monsters in sight!

Vanquished Creatures
  A hound (D:3)
  Jessica (D:2)
  3 adders
  A worm (D:2)
  3 orcs (D:3)
  A ball python (D:1)
  7 endoplasms
  5 giant cockroaches
  6 goblins
  5 hobgoblins
  2 jackals (D:2)
  3 quokkas (D:1)
  3 bats
  3 frilled lizards
  5 kobolds
  5 rats
54 creatures vanquished.

Notes
Turn   | Place    | Note
-------+----------+-------------------------------------------
     0 | D:1      | Crabhammer the Octopode Shapeshifter began the quest for
                  | the Orb.
     0 | D:1      | Reached XP level 1. HP: 13/13 MP: 1/1
   112 | D:1      | Reached XP level 2. HP: 17/18 MP: 2/2
   384 | D:1      | Reached skill level 4 in Unarmed Combat
   403 | D:1      | Reached XP level 3. HP: 23/23 MP: 3/3
   710 | D:2      | Noticed Jessica
   721 | D:2      | Killed Jessica
   728 | D:2      | Reached XP level 4. HP: 26/28 MP: 4/4
   824 | D:2      | Reached skill level 5 in Unarmed Combat
   948 | D:2      | You fall into a shaft and drop 1 floor!
  1134 | D:2      | Found a hide-covered altar of Uskayaw.
  1275 | D:2      | Identified the +1 ring mail of Divine Compulsion {rC+
                  | Str+4}
  1512 | D:3      | Found Jeyweinu's Book Boutique.
  1547 | D:3      | Noticed a sky beast
  1682 | D:3      | Reached XP level 5. HP: 19/33 MP: 5/5
  1802 | D:3      | Killed from afar by an orc wizard

Illustrated notes

Levels and vault maps discovered:
D:1:      beargit_arrival_diablo_church, layout_rooms
D:2:      layout_loops_ring, basic_altar, minmay_box_of_dots, uniq_jessica
D:3:      layout_basic, nicolae_overflow_crystal_walls,
          nicolae_qazlal_beasts_of_the_sky, serial_shops,
          nicolae_shop_tiny_statue_garden

Skill      XL: |  1  2  3  4 |
---------------+-------------+-----
Unarmed Combat | 4 5 |  5.5
Fighting       | |  1.0
Dodging        | |  2.0
Shapeshifting  | |  3.3

Action                     |  1- 3 |  4- 6 || total
---------------------------+-------+-------++-------
  Melee: Unarmed           |    53 |    55 ||   108
         Tentacles         |     8 |    10 ||    18
         Constrict         |    15 |    13 ||    28
         Punch             |     2 |     2 ||     4
  Throw: Stone             |     6 |    13 ||    19
         Boomerang         |       |     1 ||     1
   Stab: Sleeping          |     3 |     4 ||     7
 Armour: Skin              |    20 |    22 ||    42
  Dodge: Dodged            |    28 |    26 ||    54

Table legend: (Time is in decaauts)
 A = Elapsed time spent in this place.
 B = Non-inter-level travel time spent in this place.
 C = Inter-level travel time spent in this place.
 D = Time resting spent in this place.
 E = Time spent auto-exploring this place.
 F = Levels seen in this place.
 G = Mean time per level.
                   A        B        C        D        E       F      G
               +--------+--------+--------+--------+--------+-----+--------+
         Total |   1795 |   1702 |     93 |    259 |    859 |   3 |  598.3 |
       Dungeon |   1795 |   1702 |     93 |    259 |    859 |   3 |  598.3 |
               +--------+--------+--------+--------+--------+-----+--------+

Top non-repeatable levels by time:
     D:2: 771 daAuts
     D:1: 697 daAuts
     D:3: 326 daAuts
